 Dungeon Crawl Stone Soup version 0.32-a0-576-g706899e69d (webtiles) character file.

Game seed: 10681073603049771098

14821 Dittersdorf the Protected (level 12, 0/80 HPs)
             Began as a Gargoyle Fighter on Mar 1, 2024.
             Was an Initiate of Gozag.
             Killed from afar by a lindwurm (23 damage)
             ... with a blast of flame
             ... on level 2 of the Lair of Beasts.
             The game lasted 00:12:45 (11843 turns).

Dittersdorf the Protected (Gargoyle Fighter)       Turns: 11843, Time: 00:12:45

Health: 0/80       AC: 29    Str: 26    XL:     12   Next: 20%
Magic:  0/12       EV:  7    Int: 10    God:    Gozag
Gold:   2841       SH: 11    Dex:  9    Spells: 11/11 levels left

rFire   . . .        p - +4 mace "Hufulur" {freeze, rPois rC++ Str+2}
rCold   + + .        x - +0 kite shield
rNeg    + . .        j - +0 plate armour
rPois   ∞            (no helmet)
rElec   +            e - +1 cloak
rCorr   .            h - +0 pair of gloves
SInv    +            H - +0 pair of boots
Will    .....        B - amulet of guardian spirit Stlth
                     t - +4 ring of slaying
HPRegen 0.33/turn    G - ring of see invisible
MPRegen 0.13/turn

%: guardian spirit
@: no status effects
A: sickness immunity, AC +8, negative energy resistance 1, electricity
resistance, torment resistance 1, petrification resistance
a: Renounce Religion, Potion Petition, Call Merchant, Bribe Branch


You were on level 2 of the Lair of Beasts.
You worshipped Gozag.
Gozag was most pleased with you.
You visited 2 branches of the dungeon, and saw 12 of its levels.
You also visited: Sewer and Ossuary.

You collected 3112 gold pieces.
You spent 161 gold pieces at shops.
You paid 110 gold pieces to Gozag.

Inventory:

Hand Weapons
 p - the +4 mace "Hufulur" (weapon) {freeze, rPois rC++ Str+2}
   (You found it on level 3 of the Dungeon)

   Str+2:     It affects your strength (+2).
   rC++:      It greatly protects you from cold.
   rPois:     It protects you from poison.
 v - a +1 morningstar of electrocution
Missiles
 C - a throwing net
Armour
 e - a +1 cloak (worn)
 h - a +0 pair of gloves (worn)
 j - a +0 plate armour (worn)
 x - a +0 kite shield (worn)
 H - a +0 pair of boots (worn)
Jewellery
 t - a +4 ring of slaying (left hand)
 z - a ring of ice
 B - an amulet of guardian spirit (around neck)
 G - a ring of see invisible (right hand)
Wands
 i - a wand of quicksilver (8)
Scrolls
 c - 5 scrolls of poison
 f - 7 scrolls of teleportation
 n - 3 scrolls of revelation
 r - 2 scrolls of fear
Potions
 b - a potion of mutation {unknown}
 d - 5 potions of might
 g - 5 potions of enlightenment
 l - a potion of haste
 m - 2 potions of magic {unknown}
 o - 3 potions of invisibility {unknown}
 q - 6 potions of curing {unknown}
 s - 3 potions of brilliance {unknown}
 w - 4 potions of ambrosia
 A - a potion of berserk rage
 E - a potion of heal wounds


   Skills:
 + Level 11.2 Fighting
 + Level 10.1 Maces & Flails
 + Level 11.3 Armour
 + Level 11.2 Shields


You had 11 spell levels left.
You didn't know any spells.
Your spell library contained the following spells:

 Spells                   Type           Power      Damage    Failure   Level
 Magic Dart               Conj           0%         1d3       99%         1
 Searing Ray              Conj           0%         2d4       100%        2
 Call Canine Familiar     Summ           0%         N/A       100%        3
 Sigil of Binding         Hex            0%         N/A       100%        3
 Swiftness                Air            0%         N/A       100%        3
 Dimensional Bullseye     Hex/Tloc       0%         N/A       100%        4
 Fulminant Prism          Conj/Alch      0%         3d5       100%        4
 Iskenderun's Mystic Bla  Conj/Tloc      0%         2d3       100%        4
 Arcjolt                  Conj/Air       0%         1d10      100%        5
 Summon Forest            Summ/Tloc      0%         N/A       100%        5
 Eringya's Noxious Bog    Alch           0%         4d6       100%        6
 Summon Hydra             Summ           0%         N/A       100%        7


Dungeon Overview and Level Annotations

Branches:
Dungeon (10/15)            Temple (0/1) D:7            Lair (2/5) D:10
 Spider (0/4) Lair:2        Sewer (visited)         Ossuary (visited)
  Swamp: Lair:2-3    Shoals: Lair:2-3       Orc: D:9-12

Altars:
Gozag
Wu Jian

Shops:
D:5 (   D:9 *

Annotations:
D:8 1 transporter


Innate Abilities, Weirdness & Mutations

You are immune to sickness and miasma.
Your stone body is resilient. (AC +8)
You are immune to poison.
You resist negative energy. (rN+)
You are resistant to electric shocks. (rElec)
You are resistant to unholy torment.
You are immune to petrification.


Message History

The blast of flame hits you!!!
* * * LOW HITPOINT WARNING * * *
You are too injured to fight recklessly!
You are too injured to fight recklessly!
You are too injured to fight recklessly!
You are too injured to fight recklessly!
You are too injured to fight recklessly!
You are too injured to fight recklessly!
You are too injured to fight recklessly!
You are too injured to fight recklessly!
You are too injured to fight recklessly!
You are too injured to fight recklessly!
You are too injured to fight recklessly!
You are too injured to fight recklessly!
You are too injured to fight recklessly!
You are too injured to fight recklessly!
You are too injured to fight recklessly!
You are too injured to fight recklessly!
You are too injured to fight recklessly!
You are too injured to fight recklessly!
You are too injured to fight recklessly!
The lindwurm bites you.
* * * LOW HITPOINT WARNING * * *
The lindwurm claws you but does no damage.
The lindwurm closely misses you.
You see here 5 gold pieces.
Throw: dart (curare)
Press: ? - help, Q - select action, (/) - cycle Shift-Dir - straight line, f - lindwurm
Aim: a lindwurm (77% to hit)
You throw a curare-tipped dart.
The curare-tipped dart hits the lindwurm.
The lindwurm is poisoned.
The lindwurm struggles to breathe.
The lindwurm seems to slow down.
The lindwurm is lightly wounded.
You hit the lindwurm. You freeze the lindwurm.
The lindwurm is moderately wounded.
The lindwurm breathes flames at you. The blast of flame hits you!!
You die...
Your body crumbles into a pile of gold.

#.##..P...........#
#..........###P####
#..#.../.[## ###
#.........###
#.....#.#.##
##.....#.#.#
##........#
###......P..#
.......$.@...#
.....#..$##k..#
.#.###..###...# ##
#...# ##..# #...#
#..# ...>.# ...#
###.## ... .. .#.


You could see a lindwurm (very poisoned, slow, catching breath).

Vanquished Creatures
  A wolf spider (D:10)
  A black mamba (Lair:1)
  5 cane toads
  A komodo dragon (Lair:1)
  A rime drake (Lair:2)
  A polar bear (Lair:2)
  A troll (D:10)
  A hornet (D:9)
  4 blink frogs (Lair:2)
  2 wraiths (D:10)
  A shadow (D:10)
  22 yaks
  4 wyverns
  A steam dragon (D:7)
  A basilisk (Lair:1)
  A vampire mosquito (D:10)
  The ghost of zenocrate the Cudgeller, an amateur GrFi (D:3)
  4 water moccasins
  3 orc warriors
  2 ice beasts
  3 sky beasts
  5 black bears
  2 crocodiles (Sewer)
  5 centaurs
  A phantom (D:7)
  2 kobold brigands
  4 bullfrogs
  A gnoll sergeant (D:5)
  9 scorpions
  9 wights (D:10)
  16 killer bees
  2 howler monkeys
  4 crimson imps (D:6)
  2 bombardier beetles
  3 hounds
  2 human zombies (Ossuary)
  A jelly (D:6)
  2 gnoll boudas
  3 orc priests
  2 sleepcaps
  5 iguanas
  6 hell rats (Lair:1)
  7 orc wizards
  A sickly merfolk siren (Sewer)
  4 scorpion zombies (Ossuary)
  A malarious merfolk avatar (Sewer)
  4 mummies
  12 gnolls
  2 river rats (Sewer)
  12 adders
  5 shadow imps
  3 white imps (D:6)
  2 ufetubi (D:6)
  2 adder zombies (Ossuary)
  A dart slug (D:4)
  5 ribbon worms
  25 orcs
  13 ball pythons
  6 endoplasms
  9 giant cockroaches
  3 gnoll zombies (Ossuary)
  11 goblins
  6 hobgoblins
  3 jackals
  11 kobolds
  6 quokkas
  4 bats
  9 frilled lizards
  A goblin zombie (D:4)
  A hobgoblin zombie (D:4)
  3 jackal zombies (Ossuary)
  3 kobold zombies (Ossuary)
  28 rats
350 creatures vanquished.

Vanquished Creatures (others)
  A gnoll (D:7)
  3 orcs (D:7)
4 creatures vanquished.

Grand Total: 354 creatures vanquished

Notes
Turn   | Place    | Note
-------+----------+-------------------------------------------
     0 | D:1      | Dittersdorf the Gargoyle Fighter began the quest for the
                  | Orb.
     0 | D:1      | Reached XP level 1. HP: 14/14 MP: 1/1
   301 | D:1      | Reached XP level 2. HP: 19/19 MP: 2/2
   613 | D:1      | Found a faded altar of an unknown god.
   984 | D:2      | Reached XP level 3. HP: 23/23 MP: 3/3
  1572 | D:3      | Found a large runed translucent door.
  1572 | D:3      | Found a large runed translucent door.
  1584 | D:3      | Noticed zenocrate's ghost (amateur GrFi)
  1647 | D:3      | Reached XP level 4. HP: 29/29 MP: 4/4
  1678 | D:3      | Identified the +4 mace "Hufulur" {freeze, rPois rC++ Str+2}
  1821 | D:3      | Noticed a black bear
  1833 | D:3      | Killed a black bear
  1834 | D:3      | Reached XP level 5. HP: 23/33 MP: 5/5
  2179 | D:3      | Reached XP level 6. HP: 24/39 MP: 6/6
  2761 | D:4      | Identified the ring "Nus Avas" {rPois rF- Int+4 Dex+3
                  | Slay+2}
  2789 | D:4      | Found a sand-covered staircase.
  2821 | Ossuary  | Entered an ossuary
  2827 | Ossuary  | Reached skill level 5 in Fighting
  2832 | Ossuary  | Reached skill level 5 in Armour
  2832 | Ossuary  | Reached skill level 5 in Shields
  2836 | Ossuary  | Reached XP level 7. HP: 41/44 MP: 7/7
  3645 | D:5      | Entered Level 5 of the Dungeon
  3654 | D:5      | Reached XP level 8. HP: 51/51 MP: 8/8
  3827 | D:5      | Found Covaadaf's Antique Weapon Boutique.
  3848 | D:5      | Bought a runed morningstar for 161 gold pieces
  4107 | D:5      | Reached skill level 5 in Maces & Flails
  4715 | D:5      | Found an ornate altar of the Wu Jian Council.
  4726 | D:5      | Found an opulent altar of Gozag.
  4757 | D:5      | Became a worshipper of Gozag Ym Sagoz the Greedy
  4900 | D:6      | Found a glowing drain.
  4918 | Sewer    | Entered a sewer
  5196 | Sewer    | Reached XP level 9. HP: 28/56 MP: 9/9
  5696 | D:6      | Got the Secrets of the Fulgurous Door
  6703 | D:7      | Reached XP level 10. HP: 58/64 MP: 10/10
  7452 | D:7      | Found a staircase to the Ecumenical Temple.
  7693 | D:8      | Found a transporter.
  7784 | D:8      | Found a transporter.
  7990 | D:3      | Killed zenocrate's ghost
  8628 | D:9      | Found Yrehotuf's Assorted Antiques.
  8965 | D:9      | Reached XP level 11. HP: 69/71 MP: 11/11
  9421 | D:10     | Entered Level 10 of the Dungeon
  9950 | D:10     | Found a staircase to the Lair.
  9958 | D:10     | Reached skill level 10 in Armour
  9970 | D:10     | Reached skill level 10 in Fighting
  9981 | D:10     | Reached skill level 10 in Shields
 10060 | D:10     | Noticed a wolf spider
 10076 | D:10     | Killed a wolf spider
 10350 | Lair:1   | Entered Level 1 of the Lair of Beasts
 11590 | Lair:2   | Reached XP level 12. HP: 72/79 MP: 12/12
 11704 | Lair:2   | Found a hole to the Spider Nest.
 11771 | Lair:2   | Reached skill level 10 in Maces & Flails
 11843 | Lair:2   | Killed from afar by a lindwurm

Illustrated notes

Levels and vault maps discovered:
D:1:      roderic_chinese_lattice_arrival, layout_loops_ring,
          hellmonk_ecumenical_altar_inner_sanctum
D:2:      layout_basic
D:3:      minmay_recursive_quarters, layout_loops_corners,
          ebering_ghost_disaster_area
D:4:      layout_loops_cross, nicolae_ossuary_entry_giza, kennysheep_minor_cross
D:5:      layout_basic, jmf_multi_god_temple2, serial_shops, shop
D:6:      nicolae_cairo_tiling_large, layout_basic, portal_sewer_entry_d,
          minmay_nine_imps
D:7:      layout_loops_corners, minmay_temple_entry_enclosed_plants,
          minmay_chambers_of_fives
D:8:      layout_rooms, nicolae_diode_stairs
D:9:      layout_basic, serial_shops, shop_fountains, minmay_starry_boxes
D:10:     layout_rooms, lair_entry_dummy, lightli_fourway_metalbox
Lair:1:   layout_gridlike, patterned_corridor
Lair:2:   nzn_winding_woodlands_stair_cross [nzn_winding_woodlands_5x15_default,
          nzn_winding_woodlands_center_garden,
          nzn_winding_woodlands_5x15_parted, nzn_winding_woodlands_hourglass,
          nzn_winding_woodlands_5x5_default,
          nzn_winding_woodlands_5x15_longhouse,
          nzn_winding_woodlands_center_lodge,
          nzn_winding_woodlands_5x15_concentric], layout_loops_ring,
          minmay_shoals_entry_hut, nicolae_spider_entry_non_spiders

Skill      XL: |  1  2  3  4  5  6  7  8  9 10 11 12 |
---------------+-------------------------------------+-----
Fighting       | 4 5 6 8 9 10 11 | 11.2
Maces & Flails | 3 4 5 7 8 9 10 | 10.1
Armour         | 4 5 6 8 9 11 | 11.3
Shields        | 4 5 6 8 9 10 11 | 11.2

Action                     |  1- 3 |  4- 6 |  7- 9 | 10-12 || total
---------------------------+-------+-------+-------+-------++-------
  Melee: Flail             |   132 |     6 |       |       ||   138
         Mace              |       |    99 |   397 |   523 ||  1019
  Throw: Dart              |       |       |       |     1 ||     1
    Use: Scroll            |       |     7 |     4 |     8 ||    19
   Stab: Distracted        |       |       |       |     2 ||     2
 Armour: Scale mail        |   104 |    82 |   110 |       ||   296
         Chain mail        |       |       |   157 |       ||   157
         Plate armour      |       |       |    65 |   492 ||   557
  Dodge: Dodged            |    51 |    42 |   137 |   133 ||   363
  Block: Buckler           |    48 |    44 |   133 |       ||   225
         Kite shield       |       |       |    47 |   343 ||   390

Table legend: (Time is in decaauts)
 A = Elapsed time spent in this place.
 B = Non-inter-level travel time spent in this place.
 C = Inter-level travel time spent in this place.
 D = Time resting spent in this place.
 E = Time spent auto-exploring this place.
 F = Levels seen in this place.
 G = Mean time per level.
                   A        B        C        D        E       F      G
               +--------+--------+--------+--------+--------+-----+--------+
         Total |  12091 |  11374 |    717 |   1298 |   7407 |  14 |  863.6 |
       Dungeon |   9561 |   8861 |    700 |    927 |   5955 |  10 |  956.1 |
          Lair |   1490 |   1474 |     16 |    135 |   1018 |   2 |  745.0 |
         Sewer |    672 |    672 |      0 |    136 |    302 |   1 |  672.0 |
       Ossuary |    367 |    367 |      0 |    100 |    131 |   1 |  367.0 |
               +--------+--------+--------+--------+--------+-----+--------+

Top non-repeatable levels by time:
     D:9: 1440 daAuts
     D:5: 1394 daAuts
     D:3: 1306 daAuts
  Lair:1: 1220 daAuts
     D:7: 1076 daAuts
     D:6: 856 daAuts
     D:1: 809 daAuts
     D:2: 791 daAuts
    D:10: 784 daAuts
     D:4: 730 daAuts
   Sewer: 672 daAuts
     D:8: 371 daAuts
 Ossuary: 367 daAuts
  Lair:2: 269 daAuts
